 Dungeon Sprint DCSS version 0.27-a0-1101-ge311f74bc8 (webtiles) character file.

Game seed: 2014638534732597644

0 Zeld the Conjurer (level 1, -5/12 HPs)
             Began as an Octopode Conjurer on Apr 28, 2021.
             Slain by a river rat (7 damage)
             ... in the Dungeon (Sprint IV: "Fedhas' Mad Dash").
             The game lasted 00:00:38 (2130 turns).

Zeld the Conjurer (Octopode Conjurer)               Turns: 2130, Time: 00:00:39

Health: -5/12      AC:  1    Str:  6    XL:     1   Next: 10%
Magic:  0/3        EV: 13    Int: 20    God:
Gold:   0          SH:  0    Dex: 10    Spells: 3/4 levels left

rFire    . . .     SeeInvis .   (no weapon)
rCold    . . .     Faith    .   (no shield)
rNeg     . . .     Spirit   .   (helmet restricted)
rPois    .         Reflect  .   (no amulet)
rElec    .         Harm     .   (no ring)
rCorr    .         Rampage  .   (no ring)
Will     .....     NoTele   +   (no ring)
Stlth    +++.......             (no ring)
HPRegen  0.04/turn              (no ring)
MPRegen  0.08/turn              (no ring)
                                (no ring)
                                (no ring)

@: no status effects
A: almost no armour, amphibious, 8 rings, camouflage 1, gelatinous body 1,
(nimble swimmer 1), tentacles
a: no special abilities


You were in the Dungeon.
You visited 1 branch

Inventory:

Scrolls
 g - a scroll of blinking
Potions
 b - a potion of curing
 c - a potion of heal wounds
 d - a potion of haste
 e - 2 potions of magic
 f - a potion of berserk rage


   Skills:
 * Level 0.5 Fighting
 + Level 2.0 Dodging
 - Level 2.6 Stealth
 * Level 2.1 Spellcasting
 * Level 4.1 Conjurations


You had 3 spell levels left.
You knew the following spells:

 Your Spells              Type           Power      Damage    Failure   Level
a - Magic Dart            Conj           72%        1d6       3%          1

Your spell library contained the following spells:

 Spells                   Type           Power      Damage    Failure   Level
 Searing Ray              Conj           36%        3d4       4%          2
 Dazzling Flash           Conj/Hex       20%        N/A       21%         3
 Fulminant Prism          Conj/Hex       5%         3d7       54%         4
 Iskenderun's Mystic Bla  Conj/Tloc      10%        2d4       54%         4


Dungeon Overview and Level Annotations

Branches:
Dungeon (1/1)

Altars:


Innate Abilities, Weirdness & Mutations

You cannot wear most types of armour.
You are amphibious.
You can wear up to eight rings at the same time.
Your skin changes colour to match your surroundings (Stealth+).
Your rubbery body absorbs attacks. (AC +1, EV +1)
((You are camouflaged near water. (Stealth+)))
You have tentacles for arms and can constrict up to eight enemies at once.


Message History

You constrict the fungus.
You release your grip on the fungus.
There is a staircase leading out of the dungeon here.
You tentacle-slap the fungus but do no damage.
You grab the fungus.
The fungus begins to die.
You constrict the fungus.
A nearby fungus withers and dies.
You release your grip on the fungus.
You start waiting.
A nearby fungus withers and dies.
You start waiting.
Done waiting.
You start waiting.
Done waiting.
You open the door.
The magic dart hits the river rat.
The river rat is moderately wounded.
The river rat closely misses you.
Unknown command.
The magic dart hits the river rat.
The river rat is heavily wounded.
The river rat bites you!
Ouch! That really hurt!
* * * LOW HITPOINT WARNING * * *
You are too injured to fight recklessly!
Casting: Magic Dart (safe; 3% risk of failure)
Confirm with . or Enter, or press ? or * to list all spells.
Aiming: Magic Dart (safe; 3% risk of failure)
Press: ? - help, Shift-Dir - straight line, f/p - river rat
Aim: a river rat (heavily wounded, 100% to hit)
The magic dart hits the river rat.
The river rat is almost dead.
The river rat misses you.
Unknown command.
You are too injured to fight recklessly!
You are too injured to fight recklessly!
You tentacle-slap the river rat. You grab the river rat.
The river rat is almost dead.
You constrict the river rat, but do no damage.
The river rat bites you!
Ouch! That really hurt!
You die...

###### #####
#<...#.....#
#...@r.?...+
#....#.....#
###### #####


You could see a river rat.

Vanquished Creatures
  A rat (D)
1 creature vanquished.

Vanquished Creatures (others)
  7 fungi (D)
7 creatures vanquished.

Grand Total: 8 creatures vanquished

Notes
Turn   | Place    | Note
-------+----------+-------------------------------------------
     0 | D        | Zeld the Octopode Conjurer began the quest for the Orb.
     0 | D        | Reached XP level 1. HP: 11/11 MP: 3/3
  2130 | D        | Slain by a river rat

Illustrated notes

Levels and vault maps discovered:
D:        dungeon_sprint_fedhas [sprint_temple]

Action                   || total
-------------------------++-------
Melee: Unarmed           ||     8
       Constrict         ||     8
       Tentacles         ||     3
 Cast: Magic Dart        ||    17
Dodge: Dodged            ||     2

Table legend: (Time is in decaauts)
 A = Elapsed time spent in this place.
 B = Non-inter-level travel time spent in this place.
 C = Inter-level travel time spent in this place.
 D = Time resting spent in this place.
 E = Time spent auto-exploring this place.
 F = Levels seen in this place.
 G = Mean time per level.
                   A        B        C        D        E       F      G
               +--------+--------+--------+--------+--------+-----+--------+
         Total |   2130 |   2130 |      0 |   2065 |      0 |   1 | 2130.0 |
       Dungeon |   2130 |   2130 |      0 |   2065 |      0 |   1 | 2130.0 |
               +--------+--------+--------+--------+--------+-----+--------+

Top non-repeatable levels by time:
       D: 2130 daAuts
